 Dungeon Crawl Stone Soup version 0.31-a0-355-g57cb03d3e8 (webtiles) character file.

Game seed: 18353692359616474328

167407 Brmiller011 the Executioner (level 17, -3/154 HPs)
             Began as a Minotaur Berserker on July 24, 2023.
             Was the Champion of Trog.
             Slain by a +1 antimagic glaive (7 damage)
             ... on level 2 of the Elven Halls.
             The game lasted 01:10:14 (21628 turns).

Brmiller011 the Executioner (Minotaur Berserker)   Turns: 21628, Time: 01:10:15

Health: -3/154     AC: 17    Str: 31    XL:     17   Next: 31%
Magic:  9/25       EV: 13    Int:  4    God:    Trog [******]
Gold:   322        SH:  0    Dex: 10    Spells: 16/16 levels left

rFire   . . .        a - +8 battleaxe of Zotiman {heavy, rCorr}
rCold   + . .        (shield currently unavailable)
rNeg    + + .        M - +1 plate armour {rC+}
rPois   .            (helmet restricted)
rElec   .            Y - scarf of Weirdness {shadows, Harm rN++ Str-5}
rCorr   +            r - +0 pair of gloves
SInv    .            (no boots)
Will    +....        q - amulet of regeneration Stlth
                     l - ring "Ugecoq" {rCorr MP+9}
HPRegen 1.25/turn    i - +6 ring of strength
MPRegen 0.19/turn

%: harm (+30% outgoing, +20% incoming)
@: about to teleport, studying Ranged Weapons
A: horns 2, retaliatory headbutt, deformed body
a: Renounce Religion, Berserk, Trog's Hand, Brothers in Arms


You were on level 2 of the Elven Halls.
You worshipped Trog.
Trog was exalted by your worship.
You visited 6 branches of the dungeon, and saw 26 of its levels.
You also visited: Bailey.

You collected 2610 gold pieces.
You spent 2288 gold pieces at shops.

Inventory:

Hand Weapons
 a - the +8 battleaxe of Zotiman (weapon) {heavy, rCorr}
   (Trog gifted it to you on level 3 of the Lair of Beasts)

   rCorr:     It protects you from acid and corrosion.
 b - the +2 flail of the Lamprey {flame, +Blink rN+ Str+3 Dex-2}
   (You found it on level 3 of the Lair of Beasts)

   Str:       It affects your strength (+3).
   Dex:       It affects your dexterity (-2).
   rN:        It protects you from negative energy.
   +Blink:    It lets you blink.
 e - a +0 broad axe of protection
 f - the +3 morningstar of Jena Cea {speed, rCorr MP-9 Str-3 Dex+5 Stlth+}
   (You bought it in a shop on level 2 of the Elven Halls)

   Str:       It affects your strength (-3).
   Dex:       It affects your dexterity (+5).
   MP:        It affects your magic capacity (-9).
   rCorr:     It protects you from acid and corrosion.
   Stlth:     It makes you more stealthy.
 T - the +8 executioner's axe of an ossuary {elec, rElec rN+ Int+3}
   (You bought it in a shop on level 10 of the Dungeon)

   Int:       It affects your intelligence (+3).
   rElec:     It insulates you from electricity.
   rN:        It protects you from negative energy.
 V - a +4 war axe of venom
Missiles
 d - 2 throwing nets
Armour
 r - a +0 pair of gloves (worn)
 M - a +1 plate armour of cold resistance (worn)
 Y - the scarf of Weirdness (worn) {shadows, Harm rN++ Str-5}
   (You bought it in a shop on level 1 of the Elven Halls)

   Str:       It affects your strength (-5).
   rN:        It greatly protects you from negative energy.
   Harm:      It increases damage dealt and taken.
Jewellery
 i - a +6 ring of strength (right hand)
 l - the ring "Ugecoq" (left hand) {rCorr MP+9}
   (You took it off a centaur on level 8 of the Dungeon)

   [ring of magical power]

   MP:        It affects your magic capacity (+9).
   rCorr:     It protects you from acid and corrosion.
 q - an amulet of regeneration (around neck)
 G - a ring of protection from fire
 H - a ring of resist corrosion
 Z - a ring of see invisible
Wands
 y - a wand of mindburst (23)
 z - a wand of flame (10)
 A - a wand of iceblast (12)
 I - a wand of charming (15)
 R - a wand of light (4)
 W - a wand of digging (9)
Scrolls
 m - 6 scrolls of teleportation
 n - 8 scrolls of identify
 p - 2 scrolls of fog
 v - 2 scrolls of poison
 w - 5 scrolls of revelation
 B - a scroll of silence
 C - a scroll of enchant weapon
 K - 5 scrolls of enchant armour
 L - 2 scrolls of blinking
 N - a scroll of summoning
 U - 2 scrolls of fear
Potions
 c - 4 potions of lignification
 g - 7 potions of haste
 h - 5 potions of berserk rage
 j - 5 potions of invisibility
 k - 8 potions of curing
 s - 3 potions of ambrosia
 t - 6 potions of heal wounds
 x - 4 potions of magic
 E - 3 potions of cancellation
 P - 2 potions of resistance
 S - a potion of might
 X - 2 potions of enlightenment


   Skills:
 + Level 14.5 Fighting
 * Level 23.3 Axes
 * Level 20.2 Armour
 + Level 13.2 Dodging


You had 16 spell levels left.
You didn't know any spells.
Your spell library was empty.

Dungeon Overview and Level Annotations

Branches:
Dungeon (15/15)            Temple (1/1) D:7            Lair (5/5) D:10
  Swamp (0/4) Lair:2        Snake (0/4) Lair:2        Slime (1/5) Lair:5
    Orc (2/2) D:9             Elf (2/3) Orc:2        Vaults (0/5) D:13
 Depths (0/4) D:15         Bailey (visited)

Altars:
Ashenzari
Cheibriados
Dithmenos
Elyvilon
Fedhas
Gozag
Hepliaklqana
Kikubaaqudgha
Makhleb
Nemelex Xobeh
Okawaru
Qazlal
Ru
Sif Muna
Trog
Uskayaw
Vehumet
Wu Jian
Yredelemnul
Zin
Jiyva

Shops:
D:4 *   D:5 *   D:10 (   Orc:2 ??(*   Elf:1 **??   Elf:2 (

Annotations:
D:14 exclusion: obsidian statue


Innate Abilities, Weirdness & Mutations

You have a pair of horns on your head.
You reflexively headbutt those who attack you in melee.
Armour fits poorly on your strangely shaped body.


Message History

You hear a shout!
The deep elf knight gestures at you while chanting.
The shard of ice hits you! You partially resist.
The +1 dire flail of protection hits you.
The deep elf knight casts a spell at you.
The lance of force misses you.
A deep elf pyromancer comes into view.
It is wielding a +1 short sword of draining.
A deep elf zephyrmancer comes into view.
It is wielding a +2 dagger of speed.
The deep elf knight hits you with a +0 scimitar.
The +1 dire flail of protection hits you!
As you read the scroll of teleportation, it crumbles to dust.
You feel strangely unstable.
The deep elf pyromancer shouts!
The +1 antimagic glaive hits you from afar!!
* * * LOW HITPOINT WARNING * * *
You feel your power leaking away.
The +1 dire flail of protection hits you.
* * * LOW HITPOINT WARNING * * *
The deep elf knight barely misses you.
The deep elf knight mumbles some strange words.
The deep elf knight flickers and vanishes!
Deactivating autopickup; reactivate with Ctrl-A.
The deep elf knight completely misses you.
You furiously retaliate!
You headbutt the deep elf knight!
The deep elf pyromancer gestures wildly while chanting.
The deep elf knight attacks as you move away!
The deep elf knight hits you but does no damage.
The deep elf knight unwields a +0 scimitar.
The deep elf knight wields a +0 shortbow.
The deep elf knight shoots an arrow.
The arrow hits you but does no damage.
The +1 dire flail of protection misses you.
You furiously retaliate!
You headbutt the +1 dire flail of protection!
The deep elf zephyrmancer gestures at you while chanting.
The bolt of lightning hits the +1 dire flail of protection.
The +1 dire flail of protection completely resists.
The bolt of lightning hits you!!
* * * LOW HITPOINT WARNING * * *
The +1 antimagic glaive hits you from afar.
You die...

#...#...#...#
#####
#####...#####
#'''#
#####...#####
#...++#''...##
.....###.....#
...............
.○E............
.e....(@.......
......e)......#
.e....e(.......
...............
..............
..............
..............
.............


You could see 2 deep elf knights, a deep elf pyromancer, a deep elf
zephyrmancer, a fire elemental (summoned) and 2 dancing weapons.

Vanquished Creatures
  Rupert (Orc:2)
  2 azure jellies (Lair:5)
  A deep elf elementalist (Elf:2)
  An orc warlord (Bailey)
  Azrael (Orc:1)
  A minotaur (D:11)
  Josephine (D:11)
  The ghost of Tyrius the Summoner, a journeyman DrSu of Ashenzari (Orc:2)
  4 vault guards
  8 hydras
  5 ogre magi
  3 catoblepae
  6 centaur warriors
  2 boulder beetles
  17 two-headed ogres
  7 death yaks (Lair:3)
  13 dancing weapons
  2 tengu warriors (D:15)
  An orc high priest (Elf:1)
  Urug (Lair:3)
  7 deep elf knights
  A skyshark (Lair:4)
  A hell knight (D:15)
  10 skeletal warriors
  A deep troll (D:15)
  6 deep elf archers
  4 orc knights
  A lindwurm (Lair:5)
  A wizard (D:12)
  11 deep elf pyromancers
  7 ugly things
  7 deep elf zephyrmancers
  2 manticores
  An oklob plant (Lair:3)
  3 orc sorcerers
  A wolf spider (Lair:4)
  8 black mambas
  7 cyclopes
  Joseph (Lair:1)
  6 elephants
  3 centaur zombies (D:15)
  A cane toad (shapeshifter) (D:14)
  Maggie (Lair:1)
  6 cane toads
  2 gargoyles
  2 efreet (D:14)
  4 kobold demonologists
  3 unseen horrors
  A rime drake (Lair:2)
  2 tengu conjurers (D:15)
  A yaktaur (D:12)
  7 komodo dragons
  A meliai (shapeshifter) (D:14)
  A queen bee (shapeshifter) (D:14)
  7 trolls
  9 polar bears
  5 hornets (Lair:5)
  26 blink frogs
  A blink frog (shapeshifter) (D:15)
  3 air elementals (Elf:1)
  3 slime creatures (D:12)
  5 dream sheep
  5 shadows
  A centaur simulacrum (D:14)
  6 wraiths
  A human (D:13)
  11 spriggans (Lair:5)
  4 wyverns
  32 yaks
  2 vampires
  3 basilisks
  11 vampire mosquitoes
  2 steam dragons
  4 fire elementals
  6 wargs
  3 nagas (Lair:2)
  2 acid dragons
  18 water moccasins
  A spectral troll (Orc:2)
  3 hell hounds
  A swamp drake (Lair:2)
  4 ice beasts
  21 orc warriors
  4 black bears
  26 ogres
  5 boggarts (Lair:5)
  43 wolves
  8 centaurs
  2 phantoms (D:5)
  A gnoll sergeant (Orc:2)
  16 bullfrogs
  5 scorpions
  2 earth elementals (Elf:1)
  5 wights (D:8)
  5 killer bees (D:11)
  A spectral ogre (Orc:2)
  8 howler monkeys
  4 jellies
  2 hounds (D:5)
  16 orc priests
  A boggart zombie (D:15)
  2 sleepcaps
  5 iguanas
  29 orc wizards
  4 hell rats (Lair:5)
  A spectral orc (Orc:2)
  28 gnolls
  An ogre simulacrum (Orc:2)
  4 adders
  A shadow imp (D:5)
  4 white imps
  4 orc simulacra (Orc:2)
  An ufetubus (D:4)
  A dart slug (D:5)
  91 orcs
  2 ball pythons
  9 endoplasms
  3 giant cockroaches
  9 goblins
  4 hobgoblins
  4 jackals (D:4)
  22 kobolds
  6 bats
  2 frilled lizards
  2 rats
792 creatures vanquished.

Vanquished Creatures (others)
  A deep elf zephyrmancer (Elf:1)
  An orc (D:13)
2 creatures vanquished.

Grand Total: 794 creatures vanquished

Notes
Turn   | Place    | Note
-------+----------+-------------------------------------------
     0 | D:1      | Brmiller011 the Minotaur Berserker began the quest for the
                  | Orb.
     0 | D:1      | Reached XP level 1. HP: 19/19 MP: 0/0
   414 | D:1      | Reached skill level 4 in Axes
   414 | D:1      | Reached XP level 2. HP: 15/27 MP: 1/1
   526 | D:2      | Reached XP level 3. HP: 24/33 MP: 2/2
   743 | D:2      | Identified the +1 robe of Death's Door {Int+3}
   986 | D:2      | Reached XP level 4. HP: 39/40 MP: 3/3
  1080 | D:2      | Reached ** piety under Trog
  1721 | D:3      | Reached XP level 5. HP: 47/47 MP: 4/4
  1726 | D:3      | Reached skill level 5 in Axes
  2440 | D:4      | Found a radiant altar of Vehumet.
  2583 | D:4      | Reached XP level 6. HP: 38/53 MP: 5/5
  2585 | D:4      | Reached skill level 5 in Armour
  2698 | D:4      | Identified the +5 dagger of Fate {pain, rElec rF- Str+6}
  2728 | D:4      | Found Wesm's Assorted Antiques.
  2750 | D:4      | Reached skill level 6 in Axes
  3124 | D:5      | Entered Level 5 of the Dungeon
  3148 | D:5      | Noticed an ice beast
  3157 | D:5      | Killed an ice beast
  3157 | D:5      | Reached *** piety under Trog
  3158 | D:5      | Reached skill level 5 in Fighting
  3166 | D:5      | Reached XP level 7. HP: 51/61 MP: 6/6
  3176 | D:5      | Found a snail-covered altar of Cheibriados.
  3287 | D:5      | Found Ruecerch's General Store.
  3401 | D:5      | Bought a potion of invisibility for 96 gold pieces
  3440 | D:5      | Reached skill level 7 in Axes
  3729 | D:6      | Reached XP level 8. HP: 59/70 MP: 7/7
  4162 | D:6      | Reached skill level 8 in Axes
  4272 | D:6      | Found a sparkling altar of Nemelex Xobeh.
  4454 | D:7      | Reached skill level 5 in Dodging
  4458 | D:7      | Reached **** piety under Trog
  4530 | D:7      | Found a staircase to the Ecumenical Temple.
  4546 | Temple   | Entered the Ecumenical Temple
  4669 | D:7      | Found an ancient bone altar of Kikubaaqudgha.
  4801 | D:7      | Identified the +5 mace of Zisuac {freeze, *Rage rPois Dex+5
                  | Stlth+}
  4946 | D:8      | Reached skill level 9 in Axes
  4970 | D:8      | Found a blossoming altar of Fedhas.
  4981 | D:8      | Reached XP level 9. HP: 78/78 MP: 8/8
  5158 | D:8      | Found a white marble altar of Elyvilon.
  5315 | D:8      | Noticed a centaur warrior
  5316 | D:8      | Noticed a boulder beetle
  5326 | D:8      | Noticed a troll
  5326 | D:8      | Noticed a white ugly thing
  5327 | D:8      | Killed a centaur warrior
  5417 | D:8      | Identified the ring "Ugecoq" {rCorr MP+9}
  5423 | D:8      | Reached skill level 10 in Axes
  5448 | D:8      | Noticed a two-headed ogre
  5464 | D:8      | Killed a two-headed ogre
  5465 | D:8      | Reached skill level 10 in Armour
  5469 | D:8      | Noticed a cyclops
  5523 | D:8      | Killed a cyclops
  5524 | D:8      | Reached XP level 10. HP: 76/88 MP: 9/9
  5570 | D:8      | Noticed a gargoyle
  5583 | D:8      | Killed a gargoyle
  5625 | D:8      | Noticed a cyclops
  5632 | D:8      | Killed a cyclops
  5633 | D:8      | Reached skill level 11 in Axes
  5734 | D:8      | Killed a boulder beetle
  5850 | D:8      | Killed a white ugly thing
  5969 | D:8      | Reached skill level 12 in Axes
  6120 | D:9      | Reached ***** piety under Trog
  6206 | D:9      | Noticed a sun demon
  6213 | D:9      | Noticed a rust devil
  6353 | D:9      | Reached XP level 11. HP: 95/95 MP: 10/10
  6550 | D:9      | Found a staircase to the Orcish Mines.
  6730 | Orc:1    | Entered Level 1 of the Orcish Mines
  7560 | D:5      | Bought a potion of experience for 600 gold pieces
  7560 | D:5      | Reached skill level 16 in Axes
  7560 | D:5      | Reached XP level 12. HP: 104/104 MP: 11/11
  7775 | Orc:2    | Entered Level 2 of the Orcish Mines
  7801 | Orc:2    | Noticed a two-headed ogre
  7803 | Orc:2    | Noticed a two-headed ogre
  7803 | Orc:2    | Noticed a two-headed ogre
  7805 | Orc:2    | Noticed a two-headed ogre
  7816 | Orc:2    | Killed a two-headed ogre
  7819 | Orc:2    | Noticed a two-headed ogre
  7822 | Orc:2    | Killed a two-headed ogre
  7823 | Orc:2    | Killed a two-headed ogre
  7878 | Orc:2    | Noticed a two-headed ogre
  7878 | Orc:2    | Noticed a two-headed ogre
  7882 | Orc:2    | Killed a two-headed ogre
  7897 | Orc:1    | Killed a two-headed ogre
  7898 | Orc:1    | Killed a two-headed ogre
  7898 | Orc:1    | Received a gift from Trog
  7957 | Orc:2    | Noticed an ogre mage
  8102 | Orc:2    | Noticed an ogre mage
  8107 | Orc:1    | Killed an ogre mage
  8154 | Orc:1    | Killed a two-headed ogre
  8259 | Orc:2    | Killed an ogre mage
  8260 | Orc:2    | Reached skill level 10 in Fighting
  8260 | Orc:2    | Reached skill level 17 in Axes
  8277 | Orc:2    | Noticed Azrael
  8277 | Orc:2    | Noticed a two-headed ogre
  8309 | Orc:2    | Noticed a two-headed ogre
  8309 | Orc:2    | Noticed a two-headed ogre
  8316 | Orc:1    | Killed a two-headed ogre
  8319 | Orc:1    | Killed Azrael
  8331 | Orc:2    | Noticed a two-headed ogre
  8331 | Orc:2    | Noticed a two-headed ogre
  8387 | Orc:2    | Noticed a two-headed ogre
  8392 | Orc:1    | Killed a two-headed ogre
  8393 | Orc:1    | Reached XP level 13. HP: 114/114 MP: 12/12
  8549 | Orc:2    | Found Basuw's Magic Scroll Shop.
  8549 | Orc:2    | Found Naeseyf's General Store.
  8550 | Orc:2    | Found Pyoleom's Magic Scroll Emporium.
  8550 | Orc:2    | Found Cajal's Antique Weapon Shop.
  8562 | Orc:2    | Noticed Rupert
  8575 | Orc:2    | Killed Rupert
  8785 | Orc:2    | Bought a scroll of enchant weapon for 127 gold pieces
  8797 | Orc:2    | Found a burning altar of Makhleb.
  8807 | Orc:2    | Reached skill level 18 in Axes
  8812 | Orc:2    | Reached ****** piety under Trog
  8826 | Orc:2    | Reached skill level 15 in Armour
  8916 | Orc:2    | Found a staircase to the Elven Halls.
  9001 | Orc:2    | Found a runed translucent gate.
  9009 | Orc:2    | Found a runed translucent gate.
  9009 | Orc:2    | Found a runed translucent gate.
  9026 | Orc:2    | Noticed Tyrius's ghost (journeyman DrSu)
  9220 | Orc:2    | Killed Tyrius's ghost
  9382 | D:10     | Entered Level 10 of the Dungeon
  9382 | D:10     | Found Kakhlim's Antique Weapon Shop.
  9426 | D:10     | Bought a dazzling executioner's axe for 345 gold pieces
  9426 | D:10     | Identified the +8 executioner's axe of an ossuary {elec,
                  | rElec rN+ Int+3} (You bought it in a shop on level 10 of
                  | the Dungeon)
  9458 | D:10     | Found a staircase to the Lair.
  9458 | D:10     | Found a flagged portal.
  9470 | Bailey   | Entered a bailey
  9475 | Bailey   | Noticed an orc warlord
  9525 | Bailey   | Found a runed translucent gate.
  9525 | Bailey   | Found a runed translucent gate.
  9525 | Bailey   | Found a runed translucent gate.
  9657 | Bailey   | Killed an orc warlord
  9657 | Bailey   | Received a gift from Trog
  9658 | Bailey   | Reached skill level 10 in Dodging
  9724 | D:10     | Reached skill level 19 in Axes
  9724 | D:10     | Reached XP level 14. HP: 104/124 MP: 13/13
  9863 | D:10     | Identified the staff "Fabug" {*Slow rN++ Str+9 Dex+2 Earth}
  9999 | D:10     | Found a sacrificial altar of Ru.
 10536 | D:11     | Noticed Josephine
 10539 | D:11     | Reached skill level 20 in Axes
 10555 | D:11     | Killed Josephine
 10763 | D:11     | Found a runed translucent door.
 11101 | D:12     | You fall into a shaft and drop 2 floors!
 11170 | D:14     | Reached XP level 15. HP: 119/130 MP: 14/14
 12040 | D:13     | Received a gift from Trog
 12041 | D:13     | Paralysed by an ogre mage for 2 turns
 12234 | D:13     | Found a gate to the Vaults.
 13356 | D:15     | Entered Level 15 of the Dungeon
 13536 | D:15     | Reached skill level 21 in Axes
 14155 | D:15     | Found a staircase to the Depths.
 14156 | D:15     | Gained mutation: You have hidden genetic defects. [a
                  | shining eye]
 14690 | Lair:1   | Entered Level 1 of the Lair of Beasts
 14890 | Lair:1   | Received a gift from Trog
 15045 | Lair:1   | Noticed Joseph
 15053 | Lair:1   | Killed Joseph
 15159 | Lair:1   | Noticed Maggie
 15165 | Lair:1   | Killed Maggie
 15405 | Lair:2   | Gained mutation: You are frail. (-10% HP) [hidden defects]
 15494 | Lair:2   | Reached XP level 16. HP: 117/128 MP: 15/15
 15521 | Lair:2   | Found a staircase to the Snake Pit.
 15778 | Lair:2   | Found a staircase to the Swamp.
 16278 | Lair:3   | Gained mutation: You are clumsy. (Dex -2) [hidden defects]
 16278 | Lair:3   | Lost mutation: You have hidden genetic defects. [hidden
                  | defects expressed]
 16291 | Lair:3   | Identified the +2 flail of the Lamprey {flame, +Blink rN+
                  | Str+3 Dex-2}
 16460 | Lair:3   | Identified the +8 battleaxe of Zotiman {heavy, rCorr} (Trog
                  | gifted it to you on level 3 of the Lair of Beasts)
 16460 | Lair:3   | Received a gift from Trog
 16461 | Lair:3   | Reached skill level 22 in Axes
 16768 | Lair:3   | Noticed Urug
 16774 | Lair:3   | Killed Urug
 16863 | Lair:4   | You fall into a shaft and drop 1 floor!
 16863 | Lair:5   | Entered Level 5 of the Lair of Beasts
 17162 | Lair:4   | Identified the staff of the Endless March {Drain rF+ rN+
                  | Will+ SInv Necro}
 17638 | Lair:4   | Lost mutation: You are frail. (-10% HP) [potion of
                  | mutation]
 17638 | Lair:4   | Lost mutation: You are clumsy. (Dex -2) [potion of
                  | mutation]
 17638 | Lair:4   | Gained mutation: You are clumsy. (Dex -2) [potion of
                  | mutation]
 17638 | Lair:4   | Gained mutation: You are weak. (Str -2) [potion of
                  | mutation]
 17638 | Lair:4   | Gained mutation: You have sharp toenails. [potion of
                  | mutation]
 17639 | Lair:4   | Lost mutation: You are clumsy. (Dex -2) [potion of
                  | mutation]
 17639 | Lair:4   | Lost mutation: You are weak. (Str -2) [potion of mutation]
 17639 | Lair:4   | Gained mutation: You have razor-sharp toenails. [potion of
                  | mutation]
 17639 | Lair:4   | Gained mutation: You occasionally shout uncontrollably at
                  | your foes. [potion of mutation]
 17640 | Lair:4   | Lost mutation: You have razor-sharp toenails. [potion of
                  | mutation]
 17640 | Lair:4   | Lost mutation: You occasionally shout uncontrollably at
                  | your foes. [potion of mutation]
 17640 | Lair:4   | Lost mutation: You have sharp toenails. [potion of
                  | mutation]
 17640 | Lair:4   | Gained mutation: Armour fits poorly on your strangely
                  | shaped body. [potion of mutation]
 17972 | Lair:5   | Found a viscous altar of Jiyva.
 18427 | Lair:5   | Received a gift from Trog
 18652 | Lair:5   | Found a staircase to the Slime Pits.
 18781 | Slime:1  | Entered Level 1 of the Pits of Slime
 18781 | Slime:1  | Noticed an acid blob
 19147 | Elf:1    | Entered Level 1 of the Elven Halls
 19322 | Elf:1    | Paralysed by an air elemental for 1 turns
 19325 | Elf:1    | Paralysed by an air elemental for 1 turns
 19329 | Elf:1    | Paralysed by an air elemental for 1 turns
 19615 | Elf:1    | Reached XP level 17. HP: 132/148 MP: 16/16
 19638 | Elf:1    | Identified the +2 robe "Uhyshroef" {Dex+4}
 19654 | Elf:1    | Found Alyfalet's Magic Scroll Shop.
 19688 | Elf:1    | Reached skill level 23 in Axes
 19797 | Elf:1    | Found Zediku's Magic Scroll Shop.
 19804 | Elf:1    | Bought 3 scrolls of amnesia for 180 gold pieces
 20182 | Elf:1    | Paralysed by an air elemental for 1 turns
 20184 | Elf:1    | Paralysed by an air elemental for 1 turns
 20188 | Elf:1    | Paralysed by an air elemental for 1 turns
 20452 | Elf:1    | Found Ishaosio's General Store.
 20458 | Elf:1    | Found Letziy Udeah's General Store.
 20501 | Elf:1    | Bought the scarf of Weirdness {shadows, Harm rN++ Str-5}
                  | for 323 gold pieces
 20516 | Elf:1    | Bought a ring of see invisible for 240 gold pieces
 20949 | Elf:2    | Received a gift from Trog
 21420 | Elf:1    | Bought a scroll of brand weapon for 152 gold pieces
 21480 | Elf:2    | Found a runed translucent gate.
 21480 | Elf:2    | Found a runed translucent gate.
 21480 | Elf:2    | Found a runed translucent gate.
 21548 | Elf:2    | Found Pelef's Antique Weapon Shoppe.
 21551 | Elf:2    | Bought a scorched morningstar for 225 gold pieces
 21551 | Elf:2    | Identified the +3 morningstar of Jena Cea {speed, rCorr
                  | MP-9 Str-3 Dex+5 Stlth+} (You bought it in a shop on level
                  | 2 of the Elven Halls)
 21628 | Elf:2    | HP: 4/154 [deep elf zephyrmancer/bolt of lightning (34)]
 21628 | Elf:2    | Slain by a +1 antimagic glaive

Illustrated notes

Levels and vault maps discovered:
D:1:      lightli_molten_gateway, layout_rooms
D:2:      layout_loops_cross
D:3:      layout_rooms, dreamdust_mushroom_princess,
          chequers_serial_rivers_marsh, kennysheep_another_room
D:4:      layout_basic, lemuel_round_altar, serial_shops, shop
D:5:      layout_cave_pools, cheibriados_altar_1, serial_shops, shop,
          feat_on_display
D:6:      layout_loops_cross, lemuel_tele_altar
D:7:      layout_layer_cave, kennysheep_mini_moat, temple_green, chequers_jeans
D:8:      minmay_tri_box, layout_basic, general_overflow_altar,
          mainiacjoe_overflow_tiny_flanked, hangedman_decor_push
D:9:      layout_roguey, hiddenorc1_lemuel
D:10:     layout_rooms, nicolae_overflow_hidden_temple,
          grunt_lair_entry_orc_guard_hut, enter_bailey_2, serial_shops,
          nicolae_shop_tiny_statue_garden, billiards_dpeg
D:11:     dreamdust_labyrinth, layout_loops_ring, uniq_josephine
D:12:     layout_loops_ring
D:13:     layout_cave_pools, grunt_vaults_entry_fortified, nicolae_sextant
D:14:     layout_long_grid, minmay_statue_bubble
D:15:     hangedman_depths_entry_civil_slaughter, layout_loops_corners,
          serial_undead, serial_undead_d, serial_undead_b, serial_undead_e,
          serial_undead_e
Temple:   hellmonk_temple_forest_ring
Lair:1:   layout_misc_corridors, beast_lair_carwin_10, grunt_megastairs_1,
          uniq_maggie, uniq_joseph
Lair:2:   layout_misc_corridors, minmay_swamp_entry_reptiles,
          guppyfry_snake_entry_garden, nicolae_quartered_pool_impasse,
          beast_lair_carwin_3
Lair:3:   beargit_carnivore_pack, layout_chaotic_city, uniq_urug
Lair:4:   layout_regular_city, minivault_19, nicolae_lair_run_with_the_wolves,
          infiniplex_staircase_pool
Lair:5:   minmay_lair_end_enchanted_forest, layout_cave_shapes,
          nicolae_slime_entry_slimehenge, infiniplex_staircase_pool_2
Slime:1:  layout_caves
Orc:1:    layout_caves, mines5_lemuel
Orc:2:    st_orc_ogre_mass, layout_caves, basic_altar,
          gammafunk_ghost_necromancy, uniq_azrael, uniq_rupert
Elf:1:    nicolae_elf_arrival_fired_up, layout_loops_cross, serial_shops, shop,
          shop, shop, nicolae_shop_rolling_square, hangedman_corner_corridor
Elf:2:    elven_hall_of_blades_hangedman_original [nicolae_blade_little_rooms],
          layout_geoelf_grid, serial_shops, nicolae_shop_tiny_real_fake_doors

Skill      XL: |  1  2  3  4  5  6  7  8  9 10 11 12 13 14 15 16 17 |
---------------+----------------------------------------------------+-----
Axes           | 4 5 6 7 9 10 12 16 17 19 20 21 22 23 | 23.3
Armour         | 3 4 5 7 8 10 12 14 15 16 18 19 20 | 20.2
Fighting       | 4 5 6 7 8 9 10 11 13 14 | 14.5
Dodging        | 3 4 5 6 7 8 9 10 11 12 13 | 13.2

Action                     |  1- 3 |  4- 6 |  7- 9 | 10-12 | 13-15 | 16-18 || total
---------------------------+-------+-------+-------+-------+-------+-------++-------
  Melee: Hand axe          |    54 |   138 |   170 |       |    43 |       ||   405
         Headbutt          |     6 |    17 |    42 |    57 |   123 |    60 ||   305
         Punch             |       |     2 |     2 |     1 |     1 |     1 ||     7
         Mace              |       |       |    54 |   168 |       |       ||   222
         Battleaxe         |       |       |       |    88 |   127 |   324 ||   539
         Executioner's axe |       |       |       |       |   429 |    93 ||   522
         Whip              |       |       |       |       |    10 |       ||    10
         War axe           |       |       |       |       |     2 |    28 ||    30
 Invoke: Berserk           |       |       |       |     4 |     1 |     1 ||     6
    Use: Scroll            |       |    12 |     7 |       |     4 |    14 ||    37
         Potion            |       |     1 |     1 |     1 |     1 |     5 ||     9
   Stab: Petrified         |       |       |       |       |     5 |       ||     5
 Armour: Ring mail         |    18 |     3 |       |       |       |       ||    21
         Animal skin       |     1 |       |       |       |       |       ||     1
         Chain mail        |       |    54 |    76 |       |       |       ||   130
         Plate armour      |       |       |    27 |   139 |   393 |   267 ||   826
  Dodge: Dodged            |    31 |    83 |   197 |   285 |   400 |   322 ||  1318

Table legend: (Time is in decaauts)
 A = Elapsed time spent in this place.
 B = Non-inter-level travel time spent in this place.
 C = Inter-level travel time spent in this place.
 D = Time resting spent in this place.
 E = Time spent auto-exploring this place.
 F = Levels seen in this place.
 G = Mean time per level.
                   A        B        C        D        E       F      G
               +--------+--------+--------+--------+--------+-----+--------+
         Total |  21895 |  20238 |   1657 |   2662 |  13330 |  27 |  810.9 |
       Dungeon |  12315 |  11346 |    969 |   1187 |   7946 |  15 |  821.0 |
        Temple |      4 |      4 |      0 |      0 |      0 |   1 |    4.0 |
          Lair |   4505 |   4168 |    337 |    209 |   3156 |   5 |  901.0 |
    Slime Pits |      9 |      9 |      0 |      0 |      0 |   1 |    9.0 |
  Orcish Mines |   2724 |   2514 |    210 |    869 |   1093 |   2 | 1362.0 |
   Elven Halls |   2078 |   1938 |    140 |    396 |   1037 |   2 | 1039.0 |
        Bailey |    255 |    255 |      0 |      0 |     97 |   1 |  255.0 |
               +--------+--------+--------+--------+--------+-----+--------+

Top non-repeatable levels by time:
   Orc:1: 1511 daAuts
  Lair:5: 1400 daAuts
   Elf:1: 1390 daAuts
    D:15: 1220 daAuts
   Orc:2: 1213 daAuts
     D:8: 1160 daAuts
     D:2: 1032 daAuts
     D:9: 990 daAuts
    D:11: 984 daAuts
    D:14: 873 daAuts
    D:12: 865 daAuts
     D:4: 837 daAuts
  Lair:3: 804 daAuts
  Lair:4: 790 daAuts
  Lair:2: 765 daAuts
